 Dungeon Crawl Stone Soup version 0.30.1-3-gfc49f6343a (webtiles) character file.

Game seed: 8891147504159012465

110653 Wiggles the Executioner (level 16, -10/152 HPs)
             Began as a Minotaur Berserker on Aug 8, 2023.
             Was a High Priest of Trog.
             Killed by divine providence
             ... invoked by an orc high priest
              (13 damage)
             ... on level 2 of the Orcish Mines.
             The game lasted 00:42:15 (23031 turns).

Wiggles the Executioner (Minotaur Berserker)       Turns: 23031, Time: 00:42:16

Health: -10/152    AC: 37    Str: 28    XL:     16   Next: 7%
Magic:  24/24      EV: 10    Int:  4    God:    Trog [*****.]
Gold:   2089       SH:  5    Dex: 12    Spells: 15/15 levels left

rFire   + . .        b - +7 executioner's axe "Loigumi" {heavy, rF+ MP+9}
rCold   . . .        (shield currently unavailable)
rNeg    . . .        l - +4 plate armour
rPois   +            F - +1 hat {SInv}
rElec   +            q - +2 cloak {rPois}
rCorr   .            w - +0 pair of gloves
SInv    +            u - +0 pair of boots
Will    +....        R - amulet of Xyryt {Reflect rElec rPois Regen+ SH+5} Stlth
                     n - +4 ring of protection
HPRegen 1.25/turn    I - +4 ring of protection
MPRegen 0.19/turn

%: reflection
@: no status effects
A: horns 2, retaliatory headbutt, devolution 1
a: Renounce Religion, Berserk, Trog's Hand, Brothers in Arms


You were on level 2 of the Orcish Mines.
You worshipped Trog.
Trog was extremely pleased with you.
You visited 3 branches of the dungeon, and saw 22 of its levels.

You collected 3460 gold pieces.
You spent 1371 gold pieces at shops.

Inventory:

Hand Weapons
 b - the +7 executioner's axe "Loigumi" (weapon) {heavy, rF+ MP+9}
   (You acquired it on level 6 of the Dungeon)

   rF:        It protects you from fire.
   MP:        It affects your magic capacity (+9).
 e - a +4 executioner's axe of chaos
Armour
 i - +0 ice dragon scales
 l - a +4 plate armour (worn)
 q - a +2 cloak of poison resistance (worn)
 u - a +0 pair of boots (worn)
 w - a +0 pair of gloves (worn)
 F - a +1 hat of see invisible (worn)
 Y - quicksilver dragon scales
 Z - +0 fire dragon scales
Jewellery
 a - a ring of magical power
 g - an amulet of guardian spirit
 n - a +4 ring of protection (left hand)
 I - a +4 ring of protection (right hand)
 O - a +4 ring of protection
 Q - a ring of see invisible
 R - the amulet of Xyryt (around neck) {Reflect rElec rPois Regen+ SH+5}
   (You bought it in a shop on level 1 of the Orcish Mines)

   [amulet of reflection]

   It reflects blocked missile attacks.
   rElec:     It insulates you from electricity.
   rPois:     It protects you from poison.
   Regen:     It increases your rate of health regeneration.
   SH:        It affects your SH (+5).
 U - a ring of protection from cold
 V - a ring of flight
 X - the ring "Nanaeff" {EV+5 SInv}
   (You found it on level 5 of the Lair of Beasts)

   [ring of evasion]

   EV:        It affects your evasion (+5).
   SInv:      It lets you see invisible.
Wands
 r - a wand of mindburst (20)
 s - a wand of polymorph (10)
 v - a wand of iceblast (37)
 y - a wand of flame (22)
 D - a wand of charming (38)
 H - a wand of light (11)
 M - a wand of digging (7)
Scrolls
 c - 8 scrolls of fog
 f - 2 scrolls of fear
 o - 11 scrolls of teleportation
 t - 3 scrolls of identify
 G - a scroll of blinking
 K - 4 scrolls of magic mapping
 L - a scroll of silence
 P - a scroll of poison
 T - 2 scrolls of brand weapon
Potions
 h - 2 potions of resistance
 j - 2 potions of might
 k - 2 potions of ambrosia
 m - 13 potions of curing
 p - 4 potions of haste
 z - a potion of lignification
 A - 5 potions of flight
 B - a potion of mutation
 E - 2 potions of magic
 J - 2 potions of invisibility
 N - 2 potions of berserk rage
Miscellaneous
 d - a condenser vane
 x - a piece from Xom's chessboard (15/15)


   Skills:
 + Level 16.6 Fighting
 + Level 24.5 Axes
 + Level 16.3 Armour
 + Level 5.4 Dodging
 + Level 2.5 Stealth
 + Level 0.9 Shields
 + Level 1.8 Evocations


You had 15 spell levels left.
You didn't know any spells.
Your spell library was empty.

Dungeon Overview and Level Annotations

Branches:
Dungeon (15/15)            Temple (0/1) D:6            Lair (5/5) D:11
 Shoals (0/4) Lair:2        Snake (0/4) Lair:2        Slime (0/5) Lair:4
    Orc (2/2) D:12         Vaults (0/5) D:13         Depths (0/4) D:15
    Elf: Orc:2

Altars:
Makhleb
Okawaru
Qazlal
Sif Muna
Trog
Uskayaw
Vehumet
Wu Jian
Xom
Yredelemnul

Shops:
D:1 *   D:4 (   D:6 *   Orc:1 =*

Annotations:
Lair:1 exclusion: 3 oklob plants


Innate Abilities, Weirdness & Mutations

You have a pair of horns on your head.
You reflexively headbutt those who attack you in melee.
You have hidden genetic defects.


Message History

The orc high priest goes into a battle-frenzy!
Your troll bites the hellwing but does no damage.
Your troll claws the hellwing but does no damage.
Your troll claws the hellwing.
You cut the hellwing into ribbons!!!
You kill the hellwing!
The hellwing disappears in a puff of smoke!
The orc warrior no longer looks unusually strong.
The orc knight roars a battlecry!
The orc warrior goes into a battle-frenzy!
The orc high priest hits your troll with a +2 glaive of protection!
Your troll bites the orc high priest.
Your troll claws the orc high priest!
Your troll claws the orc high priest.
The orc knight shoots a bolt.
The bolt barely misses you.
The orc high priest hits your troll with a +2 glaive of protection!
Your troll bites the orc high priest!
The orc high priest dies!
Trog accepts your kill.
An orc high priest comes into view. It is wielding a +0 mace.
The orc high priest shouts!
The orc high priest no longer looks unusually strong.
The orc priest no longer looks unusually strong.
You hit the orc knight but do no damage.
You headbutt the orc knight.
The orc knight is lightly wounded.
You hear a shout!
The orc priest invokes the aid of Beogh against you.
Beogh smites you!
* * * LOW HITPOINT WARNING * * *
The orc knight roars a battlecry!
The orcs go into a battle-frenzy!
You hit the orc knight. Your headbutt misses the orc knight.
The orc knight is lightly wounded.
The orc knight shoots a bolt.
The bolt barely misses you.
Your troll barely misses the orc priest.
Your troll claws the orc priest!
Your troll barely misses the orc priest.
The orc high priest mumbles some strange prayers to Beogh against you.
Beogh smites you!
You die...

..o.. ##.#o
#.o.o #
###.#o### ##
##...o)).## .#
#..#..T#o.# ##
#.....o...## #
...#..o#...#
####
.......@...##
...#
...#...#....#
..##
............#
.##
...#...#....#
.#
.............#
.#
....#...#....#
##
#...........##
#...#...#...#
#.........##


You could see 2 orc knights, an orc high priest (strong), 3 orc warriors, 2 orc
priests and a friendly troll (summoned, berserk).

Vanquished Creatures
  Rupert (D:14)
  Gastronok (D:8)
  The ghost of Teddeol the Severer, a journeyman NaRe of Uskayaw (Lair:3)
  Azrael (D:12)
  An ettin (D:13)
  An entropy weaver (shapeshifter) (D:13)
  3 fire dragons
  A vault guard (D:13)
  An ice dragon (D:13)
  2 rakshasas (D:15)
  6 hydras
  An ogre mage (D:13)
  5 boulder beetles
  A catoblepas (Lair:2)
  12 centaur warriors
  7 two-headed ogres
  A dancing weapon (Lair:3)
  4 death yaks (Lair:5)
  3 orc high priests (Orc:2)
  Amaemon (D:11)
  3 skeletal warriors (D:11)
  A goliath frog (Lair:5)
  4 skysharks
  Pikel (D:7)
  4 orc knights
  A wizard (D:14)
  3 deep elf pyromancers
  14 ugly things
  An oklob plant (Lair:1)
  A wolf spider (D:12)
  2 orc sorcerers
  6 manticores
  A cyclops (D:15)
  7 elephants
  3 centaur zombies
  4 black mambas
  An orange demon (D:11)
  A gargoyle (D:12)
  2 centaur skeletons (D:9)
  4 kobold demonologists
  15 cane toads
  A freezing wraith (D:14)
  3 rime drakes
  5 komodo dragons
  4 unseen horrors
  An efreet (D:14)
  An unseen horror zombie (D:10)
  5 trolls
  A meliai (shapeshifter) (D:13)
  A meliai (D:13)
  8 hornets
  2 hellwings (D:9)
  A wind drake (shapeshifter) (D:13)
  5 polar bears
  23 blink frogs
  A meliai zombie (D:9)
  2 shadows (D:12)
  9 spriggans (D:12)
  7 centaur simulacra
  13 slime creatures
  3 wraiths
  Eustachio (D:5)
  A culicivora (shapeshifter) (D:14)
  4 fire elementals (D:12)
  47 yaks
  7 wyverns
  A steam dragon (D:8)
  13 vampire mosquitoes
  8 basilisks
  Menkaure (D:4)
  A redback (shapeshifter) (D:15)
  2 wargs (Orc:1)
  11 water moccasins
  23 orc warriors
  Duvessa (D:7)
  6 black bears
  4 ice beasts
  A sky beast (D:6)
  7 ogres
  23 wolves
  14 centaurs
  A phantom (D:4)
  5 kobold brigands
  3 lemures (D:7)
  A gnoll sergeant (D:9)
  27 bullfrogs
  13 scorpions
  13 wights
  Dowan (D:7)
  15 killer bees
  The ghost of Stellion the Covered, a weakling HuFi (D:3)
  5 howler monkeys
  3 electric eels
  21 orc priests
  Crazy Yiuf (D:3)
  9 hounds
  3 sleepcaps
  A gnoll bouda (D:7)
  5 iguanas
  14 orc wizards
  3 hell rats (D:7)
  Ijyb (D:4)
  A boggart simulacrum (D:11)
  Robin (D:4)
  4 gnolls (D:9)
  5 river rats (D:7)
  5 adders
  3 shadow imps (D:9)
  5 white imps
  5 ufetubi
  2 worms
  3 dart slugs
  50 orcs
  10 ball pythons
  5 bats
  8 endoplasms
  3 giant cockroaches
  15 goblins
  11 hobgoblins
  8 jackals
  35 kobolds
  9 quokkas
  5 frilled lizards
  25 rats
769 creatures vanquished.

Vanquished Creatures (collateral kills)
  Jorgrun (Orc:2)
  An orc high priest (Orc:2)
  An orc knight (Orc:2)
  A cane toad (Lair:5)
  A troll (D:12)
  2 blink frogs (Lair:5)
  2 yaks (Lair:5)
  A fire elemental (D:12)
  3 hell hounds (D:12)
  5 orc priests (Orc:2)
  2 orcs (Orc:2)
20 creatures vanquished.

Grand Total: 789 creatures vanquished

Notes
Turn   | Place    | Note
-------+----------+-------------------------------------------
     0 | D:1      | Wiggles the Minotaur Berserker began the quest for the Orb.
     0 | D:1      | Reached XP level 1. HP: 19/19 MP: 0/0
    19 | D:1      | Found Lokkeces's Assorted Antiques.
   162 | D:1      | Reached skill level 4 in Axes
   162 | D:1      | Reached XP level 2. HP: 27/27 MP: 1/1
   438 | D:1      | Reached XP level 3. HP: 26/33 MP: 2/2
   626 | D:2      | Reached ** piety under Trog
   985 | D:2      | Reached XP level 4. HP: 29/41 MP: 1/3
  1579 | D:3      | Reached skill level 5 in Axes
  1627 | D:3      | Found a runed translucent door.
  1629 | D:3      | Noticed Stellion's ghost (weakling HuFi)
  1640 | D:3      | Killed Stellion's ghost
  1641 | D:3      | Reached XP level 5. HP: 47/47 MP: 4/4
  1925 | D:3      | Found a runed translucent door.
  1926 | D:3      | Noticed Crazy Yiuf
  1981 | D:3      | Killed Crazy Yiuf
  2436 | D:4      | Reached skill level 5 in Fighting
  2436 | D:4      | Reached skill level 6 in Axes
  2436 | D:4      | Reached XP level 6. HP: 50/56 MP: 5/5
  2449 | D:4      | HP: 1/56 [orc priest/divine providence (11)]
  2689 | D:4      | Found the +8 trident of the Octopus King {venom, rElec
                  | rPois}
  2729 | D:4      | Found Qovaw's Weapon Emporium.
  2890 | D:4      | Noticed Menkaure
  2896 | D:4      | Killed Menkaure
  2897 | D:4      | Reached skill level 7 in Axes
  2897 | D:4      | Reached XP level 7. HP: 49/61 MP: 3/6
  3165 | D:4      | Noticed Robin
  3167 | D:4      | Reached *** piety under Trog
  3168 | D:4      | Reached skill level 5 in Armour
  3174 | D:4      | Killed Robin
  3418 | D:4      | Reached skill level 8 in Axes
  3419 | D:4      | Noticed Ijyb
  3435 | D:4      | Killed Ijyb
  3646 | D:5      | Entered Level 5 of the Dungeon
  3686 | D:5      | Reached XP level 8. HP: 54/70 MP: 5/7
  3836 | D:5      | Reached skill level 9 in Axes
  3999 | D:5      | Noticed Eustachio
  4016 | D:5      | Killed Eustachio
  4098 | D:5      | Reached skill level 10 in Axes
  4136 | D:5      | Reached skill level 1 in Stealth
  4402 | D:5      | Reached **** piety under Trog
  4828 | D:6      | Found a staircase to the Ecumenical Temple.
  4859 | D:6      | Reached skill level 11 in Axes
  4859 | D:6      | Reached XP level 9. HP: 77/79 MP: 8/8
  5212 | D:6      | Found Fahil's General Store.
  5292 | D:6      | Reached skill level 12 in Axes
  5439 | D:6      | Identified a scroll of acquirement
  5439 | D:6      | Acquired the +7 executioner's axe "Loigumi" {heavy, rF+
                  | MP+9}
  5514 | D:7      | Noticed Dowan
  5515 | D:7      | Noticed Duvessa
  5517 | D:7      | Killed Dowan
  5520 | D:7      | Killed Duvessa
  5609 | D:7      | Found an ornate altar of the Wu Jian Council.
  5626 | D:7      | Noticed Pikel
  5634 | D:7      | Killed Pikel
  5846 | D:7      | Reached skill level 13 in Axes
  5846 | D:7      | Reached XP level 10. HP: 89/89 MP: 9/9
  5850 | D:7      | Reached ***** piety under Trog
  6383 | D:8      | Found a bloodstained altar of Trog.
  6383 | D:8      | Found an iron altar of Okawaru.
  6384 | D:8      | Found a radiant altar of Vehumet.
  6504 | D:8      | Received a gift from Trog
  6526 | D:8      | Reached skill level 14 in Axes
  6673 | D:8      | Noticed Gastronok
  6689 | D:8      | Killed Gastronok
  6796 | D:8      | Reached skill level 15 in Axes
  6800 | D:8      | Found a stormy altar of Qazlal.
  7026 | D:9      | Noticed an orange demon
  7084 | D:9      | Found a burning altar of Makhleb.
  7200 | D:9      | Found a shimmering blue altar of Sif Muna.
  7211 | D:9      | Reached XP level 11. HP: 97/97 MP: 10/10
  7258 | D:9      | Reached skill level 16 in Axes
  7496 | D:9      | Received a gift from Trog
  7498 | D:9      | Found a shimmering altar of Xom.
  8042 | D:10     | Entered Level 10 of the Dungeon
  8083 | D:10     | Reached skill level 10 in Fighting
  8087 | D:10     | Reached skill level 17 in Axes
  8145 | D:10     | Noticed a two-headed ogre
  8153 | D:10     | Killed a two-headed ogre
  8154 | D:10     | Reached skill level 10 in Armour
  8531 | D:10     | Found a basalt altar of Yredelemnul.
  8674 | D:10     | Noticed a two-headed ogre
  8680 | D:10     | Killed a two-headed ogre
  8784 | D:11     | Noticed a two-headed ogre
  8787 | D:11     | Found a staircase to the Lair.
  8796 | D:11     | Killed a two-headed ogre
  8797 | D:11     | Reached XP level 12. HP: 86/108 MP: 11/11
  8967 | D:11     | Reached skill level 18 in Axes
  9003 | D:11     | Noticed Amaemon
  9010 | D:11     | Killed Amaemon
 10014 | D:12     | Found a staircase to the Orcish Mines.
 10059 | D:12     | Reached skill level 19 in Axes
 10182 | D:12     | Noticed a two-headed ogre
 10191 | D:12     | Killed a two-headed ogre
 10286 | D:12     | Noticed a two-headed ogre
 10291 | D:12     | Killed a two-headed ogre
 10302 | D:12     | Noticed Azrael
 10315 | D:12     | Killed Azrael
 10619 | D:12     | Received a gift from Trog
 10708 | D:12     | Noticed a two-headed ogre
 10708 | D:12     | Noticed a boulder beetle
 10711 | D:12     | Killed a two-headed ogre
 10712 | D:12     | Reached XP level 13. HP: 117/117 MP: 12/12
 10729 | D:12     | Reached skill level 20 in Axes
 10743 | D:12     | Acquired 829 gold pieces
 11786 | D:13     | Noticed an ettin
 11792 | D:13     | Killed an ettin
 11819 | D:13     | Identified the +9 war axe of the Dozen Demons {freeze, rC+
                  | Int+2 Dex+3}
 12197 | Lair:1   | Entered Level 1 of the Lair of Beasts
 13957 | Lair:2   | Reached skill level 1 in Evocations
 14288 | Lair:2   | Found a staircase to the Shoals.
 14460 | Lair:2   | Found a staircase to the Snake Pit.
 14697 | Lair:3   | Reached skill level 21 in Axes
 14744 | Lair:3   | Found a runed translucent door.
 14744 | Lair:3   | Found a shimmering altar of Xom.
 14744 | Lair:3   | Noticed Teddeol's ghost (journeyman NaRe)
 14770 | Lair:3   | Identified the +9 dire flail of Causality {chaos, Int+5}
 14828 | Lair:3   | Killed Teddeol's ghost
 15049 | Lair:3   | Identified the ring "Gim Wury" {Wiz rPois Int+2 Dex+4}
 15155 | Lair:3   | Reached XP level 14. HP: 122/129 MP: 13/13
 16309 | Lair:4   | Found a staircase to the Slime Pits.
 16438 | Lair:4   | Received a gift from Trog
 16966 | Lair:5   | Entered Level 5 of the Lair of Beasts
 17111 | Lair:5   | Reached skill level 22 in Axes
 17445 | Lair:5   | Reached skill level 5 in Dodging
 17447 | Lair:5   | Reached skill level 15 in Armour
 17732 | Lair:5   | Identified the ring "Nanaeff" {EV+5 SInv}
 17735 | Lair:5   | Identified the +4 short sword of Posut {elec, rF+ Str-4
                  | Int+3 Stlth+}
 18674 | Orc:1    | Entered Level 1 of the Orcish Mines
 18831 | D:13     | Reached skill level 15 in Fighting
 18862 | D:13     | Identified the +10 rapier of Defilement {heavy, rF+ Int-5
                  | Dex+3}
 18885 | D:13     | Reached XP level 15. HP: 141/141 MP: 14/14
 18926 | D:13     | Reached skill level 23 in Axes
 19112 | D:13     | Found a gate to the Vaults.
 19427 | D:14     | Received a gift from Trog
 19820 | D:14     | Noticed Rupert
 19828 | D:14     | Killed Rupert
 20025 | D:14     | Found a hide-covered altar of Uskayaw.
 20604 | D:15     | Entered Level 15 of the Dungeon
 20658 | D:15     | Reached skill level 24 in Axes
 21456 | D:15     | Found a staircase to the Depths.
 21746 | Orc:1    | Received a gift from Trog
 21761 | Orc:1    | Found Doquboah's Jewellery Emporium.
 21763 | Orc:1    | Paralysed by an orc sorcerer for 2 turns
 21783 | Orc:1    | Bought the amulet of Xyryt {Reflect rElec rPois Regen+
                  | SH+5} for 723 gold pieces
 21958 | Orc:2    | Entered Level 2 of the Orcish Mines
 22080 | Orc:2    | Noticed Jorgrun
 22104 | Orc:2    | Killed Jorgrun
 22397 | Orc:1    | Found Zaumez's Overcharged Wands.
 22426 | Orc:1    | Bought a wand of charming (18) for 648 gold pieces
 22820 | Orc:2    | Gained mutation: You have hidden genetic defects. [a
                  | neqoxec]
 22828 | Orc:2    | Reached XP level 16. HP: 35/152 MP: 15/15
 23030 | Orc:2    | HP: 1/152 [orc priest/divine providence (16)]
 23031 | Orc:2    | Killed from afar by an orc high priest

Illustrated notes

Levels and vault maps discovered:
D:1:      nicolae_arrival_memento_mori, layout_basic, serial_shops,
          nicolae_diamond_shop
D:2:      minmay_kobold_bridge, layout_basic, serial_bayou_pond_b,
          minmay_misc_feat_room
D:3:      layout_basic, hellmonk_ghost_happy_afterlife,
          amcnicky_mini_pool_small, uniq_crazy_yiuf_cottage
D:4:      layout_basic, serial_shops, shop, uniq_menkaure, uniq_ijyb, uniq_robin
D:5:      layout_basic, hangedman_abyss_or_decor_lesser_grid,
          minmay_misc_feat_square, uniq_eustachio
D:6:      layout_rooms, temple_pool_b, serial_shops, nicolae_diamond_shop,
          kennysheep_potato
D:7:      lemuel_ratsnest, layout_basic, nzn_wu_jian_contemplation,
          fountainhead, serial_park_tiny_1, grunt_ministairs_5, grunt_ogre_cave,
          uniq_duvessa, uniq_pikel
D:8:      layout_rooms, marbit_many_paths,
          chequers_temple_overflow_statue_of_worship, uniq_gastronok
D:9:      cheibrodos_grave_circle, layout_loops_ring, old_standard_altar,
          led_sif_pool, lemuel_crystal_altar, roderic_roman_lattice
D:10:     layout_roguey, lemuel_zombie_altar_yredelemnul
D:11:     kennysheep_spiral_hall, layout_irregular_city,
          due_lair_maze_entry_diamond, serial_ice, serial_ice_o, serial_ice_d,
          serial_ice_m, serial_ice_g, serial_ice_f, kennysheep_minor_cross,
          chequers_serial_rivers_large_a, uniq_amaemon
D:12:     kb_forest_paths, layout_layer_cave, uniq_azrael
D:13:     layout_roguey, david_vaults_4,
          portal_ice_cave_entry_animals_and_master, minmay_evil_grid
D:14:     minmay_blocking_statues, layout_basic, dreamdust_wishing_well,
          nicolae_uskayaw_murder_on_the_dancefloor, uniq_rupert
D:15:     grunt_enter_depths_hoard, layout_cave_pools,
          chequers_serial_rivers_small_a, hangedman_abyss_or_decor_stagger
Lair:1:   minmay_lair_oklob_chamber, layout_cave_pods,
          nicolae_quartered_pool_medium, minivault_24, dreamdust_wasp_nest,
          infiniplex_staircase_pool, lemuel_fruit_fields
Lair:2:   layout_regular_city, elwin_shoals_entry_rocks, dummy_snake_entry
Lair:3:   layout_cave_pods, ebering_ghost_xom, grunt_megastairs_5
Lair:4:   layout_loops_ring, dpeg_slime_entry_enclosed,
          kennysheep_basilisk_garden
Lair:5:   minmay_lair_end_frog_pond, layout_long_grid, serial_bayou_crossing,
          infiniplex_staircase_pool_2, lemuel_fruit_tree
Orc:1:    layout_diamond_mine, serial_shops, nicolae_shop_statue_plus,
          nicolae_shop_overcharged_wands
Orc:2:    st_orc_pillars, layout_diamond_mine, gauntlet_entry_generic,
          basic_altar, nicolae_orc_flooded_monolith, uniq_jorgrun

Skill      XL: |  1  2  3  4  5  6  7  8  9 10 11 12 13 14 15 |
---------------+----------------------------------------------+-----
Axes           | 4 5 6 7 8 11 13 15 17 19 21 22 24 | 24.5
Fighting       | 4 5 7 8 9 10 11 13 15 16 | 16.6
Armour         | 3 4 6 7 8 9 10 12 14 15 16 | 16.3
Dodging        | 3 4 5 |  5.4
Stealth        | 1 2 |  2.5
Evocations     | 1 |  1.8
Shields        | |  0.9

Action                     |  1- 3 |  4- 6 |  7- 9 | 10-12 | 13-15 | 16-18 || total
---------------------------+-------+-------+-------+-------+-------+-------++-------
  Melee: Hand axe          |    91 |    78 |   195 |       |       |       ||   364
         Headbutt          |    14 |    15 |    46 |    37 |   103 |     5 ||   220
         Punch             |       |     1 |     1 |       |       |       ||     2
         War axe           |       |       |    54 |       |       |       ||    54
         Executioner's axe |       |       |    39 |   265 |   642 |    27 ||   973
 Invoke: Berserk           |       |     4 |     2 |     2 |     5 |       ||    13
         Brothers in Arms  |       |       |       |     1 |     7 |     2 ||    10
  Evoke: Wand              |       |       |       |       |     9 |       ||     9
    Use: Scroll            |       |       |    14 |    13 |    10 |       ||    37
         Potion            |       |       |       |       |     4 |       ||     4
 Armour: Chain mail        |    58 |     3 |       |       |       |       ||    61
         Animal skin       |     1 |       |       |       |       |       ||     1
         Plate armour      |       |    41 |   175 |   331 |   747 |    31 ||  1325
  Dodge: Dodged            |    45 |    24 |   178 |   272 |   428 |    25 ||   972
  Block: Other             |       |       |       |       |    23 |     6 ||    29
         Reflection        |       |       |       |       |       |     3 ||     3
